cohdb
Replays
Latest Replays
All Replays
Popular Replays
Top Player Replays
Match Explorer
How It Works
Community
CoH3 Stats
Reddit
Sign in to upload your games and track your stats! →
Sign in with Steam
Match 43037929
Unlisted
Match 43037929
Overview
Messages
Build Orders
End
Scout Squad
Selects Airborne Battlegroup
Selects Pathfinders
Construct Weapon Support Center
M1919 Machine Gun Team
Engineer Squad
Mechanized Support Center
Selects Paratrooper Squad Paradrop
Paratrooper Squad Paradrop
Paratrooper Squad Paradrop
Construct Medical Station
Construct Tank Depot
Paratrooper Squad Paradrop
Bran
DrewP
Dillbro
fabio4516
LateNightHype
Usman Abdul Jalil Shisha
0
0
Comments
sign in to comment!
No comments posted yet!